 Dungeon Crawl Stone Soup version 0.24.1-14-gf8d2b509d9 (webtiles) character file.

Game seed: 1125918691209887344, levelgen mode: deterministic

135 mortelune the Insei (level 5, 0/34 HPs)
             Began as an Octopode Transmuter on May 17, 2020.
             Succumbed to a worker ant's poison
             ... on level 2 of the Dungeon.
             The game lasted 00:02:40 (2735 turns).

mortelune the Insei (Octopode Transmuter)           Turns: 2735, Time: 00:02:40

Health: 0/34       AC:  1    Str:  9    XL:     5   Next: 18%
Magic:  9/9        EV: 14    Int: 22    God:
Gold:   151        SH:  0    Dex: 12    Spells: 4/10 levels left

rFire    . . .     SeeInvis .     - Unarmed
rCold    . . .     Gourm    .   (no shield)
rNeg     . . .     Faith    .   (helmet restricted)
rPois    .         Spirit   .   (no amulet)
rElec    .         Reflect  .   (no ring)
rCorr    .         Harm     .   (no ring)
MR       .....                  (no ring)
Stlth    ++........             (no ring)
HPRegen  0.11/turn              (no ring)
MPRegen  0.11/turn              (no ring)
                                (no ring)
                                (no ring)

@: brilliant, lethally poisoned (0 -> -11)
A: almost no armour, stealthy swim, amphibious, 8 rings, constrict 8, camouflage
1, gelatinous body 1
a: no special abilities


You were on level 2 of the Dungeon.
You were not hungry.

You visited 1 branch of the dungeon, and saw 2 of its levels.

You collected 151 gold pieces.

Inventory:

Missiles
 Q - 76 arrows
Jewellery
 e - a +2 ring of dexterity {unknown}
 f - an uncursed ring of ice {unknown}
Scrolls
 b - a scroll of enchant weapon {unknown}
 d - a scroll of identify {unknown}
 h - a scroll of blinking {unknown}
Comestibles
 a - 2 chunks of flesh
 c - 4 rations


   Skills:
 + Level 1.9 Fighting
 + Level 2.6 Dodging
 + Level 3.4 Unarmed Combat
 * Level 3.0 Spellcasting
 * Level 3.2 Transmutations


You had 4 spell levels left.
You knew the following spells:

 Your Spells              Type           Power        Failure   Level  Hunger
a - Beastly Appendage     Tmut           ####..       1%          1    None
b - Sticks to Snakes      Tmut           ####....     1%          2    ##.....
c - Spider Form           Tmut/Pois      ###.......   2%          3    ###....

Your spell library contained the following spells:

 Spells                   Type           Power        Failure   Level  Hunger
 Ice Form                 Ice/Tmut       ###.....     8%          4    ####...
 Blade Hands              Tmut           ####......   10%         5    ######.


Dungeon Overview and Level Annotations

Branches:
Dungeon (2/15)

Altars:
Cheibriados
Kikubaaqudgha


Innate Abilities, Weirdness & Mutations

You cannot wear most types of armour.
You are very stealthy in the water. (Stealth+)
You are amphibious.
You can wear up to eight rings at the same time.
You can use your tentacles to constrict eight enemies at once.
Your skin changes colour to match your surroundings (Stealth+).
Your rubbery body absorbs attacks. (AC +1, EV +1)


Message History

You feel sick. The worker ant barely misses you.
You tentacle-slap the worker ant.
You squeeze the worker ant, but do no damage.
The worker ant is almost dead.
You constrict the worker ant. The worker ant bites you.
* * * LOW HITPOINT WARNING * * *
You are more poisoned.
The worker ant poisons you!
You tentacle-slap the worker ant.
You kill the worker ant!
Your Spellcasting skill increases to level 3!
You have reached level 5!
You feel clever.
* * * LOW HITPOINT WARNING * * *
You feel sick.
Some of the chunks of flesh in your inventory have rotted away.
Your tentacle spike disappears.
* * * LOW HITPOINT WARNING * * *
You feel sick.
You die...

#........÷......#
#.......#######.#
#.......# #.# #.......#
#.# #......[# #.#
#.......# #.# ########.#
#.# +.....##.# #.# #####
#####.##.#### #@# #...#
...>........## #.#####...#
###.#.##.##..###.w.......#
#...).............÷......+
#.###[######..####.##....#
#.# #.#######.####.##.####
..# #.....S.....##.##....
..# #.......[............
..# #..........§.#+###...


You could see a worm.

Vanquished Creatures
  Jessica (D:2)
  A worker ant (D:2)
  Robin (D:2)
  An adder (D:2)
  A worm (D:2)
  3 dart slugs
  3 orcs (D:2)
  2 ball pythons (D:1)
  2 giant cockroaches
  16 goblins
  6 hobgoblins
  2 kobolds (D:1)
  A quokka (D:2)
  A bat (D:2)
  3 frilled lizards (D:1)
  7 rats
51 creatures vanquished.

Notes
Turn   | Place    | Note
-------+----------+-------------------------------------------
     0 | D:1      | mortelune the Octopode Transmuter began the quest for the
                  | Orb.
     0 | D:1      | Reached XP level 1. HP: 13/13 MP: 3/3
   316 | D:1      | Reached XP level 2. HP: 18/18 MP: 5/5
   320 | D:1      | Learned a level 2 spell: Sticks to Snakes
  1165 | D:1      | Reached XP level 3. HP: 23/23 MP: 6/6
  1233 | D:2      | Noticed Jessica
  1486 | D:1      | Learned a level 3 spell: Spider Form
  1702 | D:2      | Noticed Robin
  1710 | D:2      | Killed Robin
  1724 | D:2      | Killed Jessica
  1724 | D:2      | Reached XP level 4. HP: 29/29 MP: 1/8
  2211 | D:2      | Found a snail-covered altar of Cheibriados.
  2211 | D:2      | Found an ancient bone altar of Kikubaaqudgha.
  2733 | D:2      | Reached XP level 5. HP: 3/34 MP: 9/9
  2734 | D:2      | HP: 1/34 [poisoned by a worker ant]
  2735 | D:2      | Succumbed to a worker ant's poison

Levels and vault maps discovered:
D:1:      minmay_arrival_hallway, layout_basic
D:2:      layout_basic, gammafunk_temple_overflow_wave, first_ration,
          uniq_jessica, uniq_robin

Skill      XL: |  1  2  3  4 |
---------------+-------------+-----
Transmutations | 3 |  3.2
Spellcasting   | 3 |  3.0
Fighting       | |  1.9
Dodging        | |  2.6
Unarmed Combat | |  3.4

Action                   |  1- 3 |  4- 6 || total
-------------------------+-------+-------++-------
Melee: Unarmed           |    68 |    45 ||   113
       Constrict         |    18 |     7 ||    25
       Tentacles         |    11 |     4 ||    15
       Kick              |     3 |     1 ||     4
       Punch             |     2 |       ||     2
 Cast: Beastly Appendage |     4 |     2 ||     6
       Spider Form       |     3 |     3 ||     6
  Use: Potion            |       |     1 ||     1
 Stab: Sleeping          |     5 |     1 ||     6
  Eat: Chunk             |     3 |     3 ||     6
Armor: Skin              |     5 |       ||     5
Dodge: Dodged            |    37 |    26 ||    63
